 Dungeon Crawl Stone Soup version 0.26.1-11-gd32895ea62 (webtiles) character file.

Game seed: 14776031743812605323

1292 ubername the Ruffian (level 8, -1/66 HPs)
             Began as a Ghoul Delver on May 13, 2021.
             Was an Initiate of Wu Jian.
             Slain by a bullfrog zombie (4 damage)
             ... on level 7 of the Dungeon.
             The game lasted 00:13:57 (5510 turns).

ubername the Ruffian (Ghoul Delver)                 Turns: 5510, Time: 00:13:58

Health: -1/66      AC: 10    Str: 16 (18) XL:     8   Next: 56%
Magic:  7/7        EV:  4    Int:  4 (5)  God:    Wu Jian [......]
Gold:   281        SH: 11    Dex:  9 (10) Spells: 7/7 levels left

rFire    x . .     SeeInvis +     - Unarmed
rCold    + + .     Faith    .   J - +0 kite shield
rNeg     + + +     Spirit   .   o - +0 chain mail
rPois    ∞         Reflect  +   (no helmet)
rElec    .         Harm     .   (no cloak)
rCorr    .         Rampage  .   H - +0 pair of gloves
Will     .....                  (no boots)
Stlth    ..........             r - amulet of reflection
HPRegen  0.00/turn              u - ring of ice
MPRegen  0.10/turn              G - ring of see invisible

@: brilliant
A: claws 1, cold resistance 1, negative energy resistance 3, inhibited
regeneration, torment resistance, unbreathing
a: Renounce Religion


You were on level 7 of the Dungeon.
You worshipped Wu Jian.
Wu Jian was noncommittal.
You visited 2 branches of the dungeon, and saw 8 of its levels.

You collected 281 gold pieces.

Inventory:

Hand Weapons
 l - a +0 war axe
Missiles
 j - 195 stones
 p - 41 poisoned darts (quivered)
Armour
 o - a +0 chain mail (worn)
 H - a +0 pair of gloves (worn)
 J - a +0 kite shield (worn)
Jewellery
 r - an amulet of reflection (around neck)
 u - a ring of ice (left hand)
 G - a ring of see invisible (right hand)
Wands
 f - a wand of digging (3)
 A - a wand of random effects (7)
 C - a wand of disintegration (20)
 F - a wand of paralysis (15)
 I - a wand of acid (9)
Scrolls
 b - 4 scrolls of fog
 c - a scroll of magic mapping
 d - a scroll of immolation {unknown}
 g - 4 scrolls of identify {unknown}
 i - a scroll of blinking {unknown}
 q - a scroll of teleportation {unknown}
 v - 2 scrolls of amnesia {unknown}
 x - a scroll of fear
 y - 2 scrolls of noise {unknown}
 z - a scroll of enchant armour {unknown}
 E - a scroll of remove curse {unknown}
Potions
 e - a potion of haste
 m - a potion of brilliance
 s - 3 potions of attraction {unknown}
 t - 2 potions of heal wounds {unknown}
 w - a potion of curing {unknown}
 B - a potion of invisibility
 D - a potion of flight {unknown}


   Skills:
 + Level 3.9 Fighting
 + Level 1.3 Throwing
 + Level 4.6 Armour
 + Level 2.6 Dodging
 + Level 6.7 Stealth
 + Level 7.7 Unarmed Combat
 * Level 1.4 Evocations


You had 7 spell levels left.
You didn't know any spells.
Your spell library contained the following spells:

 Spells                   Type           Power        Failure   Level
 Foxfire                  Conj/Fire      0%           100%        1
 Conjure Flame            Conj/Fire      0%           100%        3
 Inner Flame              Hex/Fire       0%           100%        3
 Sticky Flame             Conj/Fire      0%           100%        4
 Fireball                 Conj/Fire      0%           100%        5


Dungeon Overview and Level Annotations

Branches:
Dungeon (7/15)             Temple (1/1) D:5

Altars:
Ashenzari
Cheibriados
Dithmenos
Elyvilon
Fedhas
Gozag
Hepliaklqana
Kikubaaqudgha
Makhleb
Nemelex Xobeh
Okawaru
Qazlal
Ru
Sif Muna
Trog
Uskayaw
Vehumet
Wu Jian
Xom
Yredelemnul
The Shining One

Shops:
D:4 ?   D:6 :

Annotations:
D:6 Edmund


Innate Abilities, Weirdness & Mutations

You thrive by killing the living.
You are immune to poison.
You have sharp fingernails.
Your flesh is cold resistant. (rC+)
You are immune to negative energy. (rN+++)
You do not regenerate when monsters are visible.
You are immune to unholy pain and torment.
You can survive without breathing.


Message History

Your body decomposes!
You feel dopey.
Your body decomposes!
You feel clumsy. The bullfrog zombie hits you.
* * * LOW HITPOINT WARNING * * *
It was a potion of magic.
Magic courses through your body.
The bullfrog zombie hits you but does no damage.
You block the bullfrog zombie's attack.
It was a potion of lignification.
You feel woody for a moment.
The bullfrog zombie hits you but does no damage.
Okay, then.
Unknown command.
It was a potion of brilliance.
You feel clever all of a sudden. You block the bullfrog zombie's attack.
It was a potion of berserk rage.
You cannot raise a blood rage in your lifeless body.
You block the bullfrog zombie's attack. The bullfrog zombie hits you.
You die...

?...... ..#...
#....##......
###...........
#.#.............
# ...............
... #...........
....##..>........
...............##
.......@.....###
........Z.....#
.......###.....#
....$.# .##.##
...... .. .#
...... ... #
...##. .. ###


You could see a bullfrog zombie.

Vanquished Creatures
  Grinder (D:3)
  Sigmund (D:2)
  2 ice beasts
  2 phantoms
  A howler monkey (D:4)
  A centaur zombie (D:5)
  2 hounds (D:5)
  A jelly (D:5)
  2 orc wizards (D:5)
  An orc priest (D:5)
  Natasha (thrice) (D:2)
  An iguana (D:5)
  A howler monkey zombie (D:6)
  9 adders
  A shadow imp (D:6)
  A white imp (D:6)
  An ufetubus (D:4)
  An adder zombie (D:5)
  An adder skeleton (D:4)
  3 worms
  3 dart slugs
  2 leopard geckos
  11 orcs
  5 giant cockroaches
  11 goblins
  8 hobgoblins
  2 jackals (D:1)
  3 quokkas
  A ball python (D:2)
  10 bats
  6 frilled lizards
  9 kobolds
  A quokka skeleton (D:3)
  13 rats
121 creatures vanquished.

Notes
Turn   | Place    | Note
-------+----------+-------------------------------------------
     0 | D:5      | ubername the Ghoul Delver began the quest for the Orb.
     0 | D:5      | Reached XP level 1. HP: 19/19 MP: 0/0
    41 | D:5      | Reached XP level 2. HP: 14/26 MP: 1/1
    41 | D:5      | Reached XP level 3. HP: 17/31 MP: 2/2
   480 | D:4      | Reached XP level 4. HP: 15/38 MP: 3/3
  1046 | D:4      | Noticed a phantom
  1082 | D:4      | Found Jeucumomm's Magic Scroll Shop.
  1378 | D:3      | Reached skill level 1 in Armour
  1386 | D:3      | Reached skill level 3 in Unarmed Combat
  1606 | D:3      | Reached XP level 5. HP: 45/45 MP: 4/4
  1680 | D:3      | Noticed Grinder
  1717 | D:3      | Paralysed by Grinder for 2 turns
  1721 | D:3      | Killed Grinder
  1722 | D:3      | Reached skill level 4 in Unarmed Combat
  1722 | D:3      | Reached XP level 6. HP: 23/52 MP: 5/5
  2297 | D:2      | Noticed Sigmund
  2316 | D:2      | Killed Sigmund
  2317 | D:2      | Reached skill level 5 in Unarmed Combat
  2317 | D:2      | Reached XP level 7. HP: 46/58 MP: 6/6
  2590 | D:2      | Found a blossoming altar of Fedhas.
  2708 | D:2      | Noticed Natasha
  2721 | D:2      | Killed Natasha
  2864 | D:2      | Found a sparkling altar of Nemelex Xobeh.
  3344 | D:1      | Reached skill level 6 in Unarmed Combat
  3783 | D:2      | Noticed Natasha
  3791 | D:2      | Killed Natasha
  3825 | D:2      | Noticed Natasha
  3839 | D:2      | Killed Natasha
  4018 | D:4      | Found a white marble altar of Elyvilon.
  4268 | D:5      | Reached skill level 1 in Throwing
  4386 | D:5      | Found a staircase to the Ecumenical Temple.
  4426 | D:5      | Reached skill level 7 in Unarmed Combat
  4426 | D:5      | Reached XP level 8. HP: 58/66 MP: 7/7
  4431 | Temple   | Entered the Ecumenical Temple
  4438 | Temple   | Became a worshipper of the Wu Jian Council
  4755 | D:5      | Found a sacrificial altar of Ru.
  5095 | D:5      | Reached skill level 1 in Evocations
  5226 | D:6      | Found a hide-covered altar of Uskayaw.
  5226 | D:6      | Noticed Edmund
  5260 | D:6      | Found a stormy altar of Qazlal.
  5267 | D:6      | Found Kewar's Book Boutique.
  5450 | D:6      | You fall into a shaft and drop 1 floor!
  5506 | D:7      | HP: 3/66 [bullfrog zombie (3)]
  5510 | D:7      | Slain by a bullfrog zombie

Illustrated notes

Levels and vault maps discovered:
D:1:      dpeg_arrival_shrine, layout_basic
D:2:      layout_rooms, fedhas_altar_2, lemuel_coloured_pillars_altar,
          uniq_sigmund, uniq_natasha
D:3:      layout_loops_ring, kennysheep_generic_room_10, uniq_grinder
D:4:      layout_gridville, elyvilon_altar_5, serial_shops, shop
D:5:      layout_rooms, nicolae_ru_great_annihilating_truth,
          minmay_temple_entry_ruins, uniq_prince_ribbit1
D:6:      kennysheep_orc_sif_temple, layout_basic, zin_angel,
          kennysheep_mini_moat, eat_drink_and_be_merry_uskayaw,
          kennysheep_windowed_goal, uniq_pikel, uniq_duvessa, uniq_edmund
D:7:      layout_cave_pools, nicolae_dithmenos_through_a_glass_darkly,
          uniq_crazy_yiuf_cottage
Temple:   nicolae_temple_no_exploring_needed

Skill      XL: |  1  2  3  4  5  6  7  8 |
---------------+-------------------------+-----
Stealth        | 6 |  6.7
Dodging        | 2 |  2.6
Armour         | 1 2 3 4 |  4.6
Unarmed Combat | 3 4 5 7 |  7.7
Throwing       | 1 |  1.3
Evocations     | 1 |  1.4
Fighting       | |  3.9

Action                   |  1- 3 |  4- 6 |  7- 9 || total
-------------------------+-------+-------+-------++-------
Melee: Unarmed           |    38 |   153 |   377 ||   568
       Punch             |       |     1 |     2 ||     3
Throw: Dart              |       |       |    30 ||    30
Invok: Lunge             |       |       |     9 ||     9
  Use: Scroll            |       |     1 |     1 ||     2
       Potion            |       |       |     5 ||     5
 Stab: Sleeping          |     1 |     1 |       ||     2
Armor: Ring mail         |     6 |    13 |       ||    19
       Chain mail        |       |    37 |   207 ||   244
Dodge: Dodged            |    21 |    63 |   143 ||   227
Block: Kite shield       |       |       |    27 ||    27
